 Dungeon Crawl Stone Soup version 0.24-a0-584-g9d6b971 (webtiles) character file.

Game seed: 17965225151191489047, levelgen mode: deterministic

727 COBRA the Cleaver (level 7, 0/50 (52) HPs)
             Began as a Barachi Fighter on Sept 5, 2019.
             Was a Follower of Okawaru.
             Shot with an arrow by a centaur (13 damage)
             ... on level 6 of the Dungeon.
             The game lasted 00:07:12 (2079 turns).

COBRA the Cleaver (Barachi Fighter)                 Turns: 2079, Time: 00:07:12

HP:   0/50 (52)     AC:  8    Str: 18    XL:     7   Next: 72%
MP:   9/9           EV:  7    Int:  9    God:    Okawaru [*.....]
Gold: 127           SH:  9    Dex: 12    Spells: 6/6 levels left

rFire    . . .     SeeInvis .   a - +0 war axe
rCold    + . .     Gourm    .   c - +0 shield
rNeg     . . .     Faith    .   e - +2 scale mail {rC+}
rPois    .         Spirit   .   (no helmet)
rElec    .         Reflect  .   (no cloak)
rCorr    .         Harm     .   (no gloves)
MR       .....                  (no boots)
Stlth    ..........             (no amulet)
HPRegen  0.16/turn              (no ring)
MPRegen  0.11/turn              (no ring)

@: about to teleport, can't hop, slow
A: +LOS, swims, slowness 1, strong legs 1
a: Hop, Heroism, Renounce Religion


You were on level 6 of the Dungeon.
You worshipped Okawaru.
Okawaru was aware of your devotion.
You were near starving.

You visited 1 branch of the dungeon, and saw 7 of its levels.

You collected 127 gold pieces.

Inventory:

Hand Weapons
 a - a +0 war axe (weapon)
Armour
 b - a +0 scale mail
 c - a +0 shield (worn)
 e - a +2 scale mail of cold resistance (worn)
Scrolls
 d - 2 scrolls of remove curse
 h - 2 scrolls of identify
Comestibles
 f - 5 rations


   Skills:
 - Level 3.6 Fighting
 - Level 8.3 Axes
 - Level 3.6 Armour
 - Level 3.2 Shields
 * Level 3.1 Invocations


You had 6 spell levels left.
You didn't know any spells.
Your spell library was empty.

Dungeon Overview and Level Annotations

Branches:
Dungeon (7/15)
 Temple: D:4-7

Altars:
Makhleb
Okawaru
Wu Jian

Shops:
D:4 [   D:5 (}   D:6 [

Annotations:
D:4 1 runed translucent door, N458's ghost, amateur FeSu


Innate Abilities, Weirdness & Mutations

Shadows flee at your approach. (+LOS)
You can swim through water.
You cover ground slowly.
You can hop short distances.


Message History

The centaur shoots an arrow.
You block the arrow.
Things that are here:
3 arrows; a runed hand axe The phantom hits you but does no damage.
The centaur shoots an arrow.
The arrow hits you. The phantom hits you.
You see here an arrow.
You aren't carrying any potions.
You aren't carrying any potions.
You aren't carrying any potions.
As you read the scroll labeled MOAZXA RIARE, it crumbles to dust.
You feel strangely unstable.
It was a scroll of teleportation.
The centaur shoots an arrow.
The arrow hits you but does no damage. The phantom hits you!
* * * LOW HITPOINT WARNING * * *
Hop to where?
Press: ? - help, Dir - move target cursor Boing!
Found a scroll labeled HIL BOOKI DEZO.
The centaur shoots an arrow.
The arrow hits you!
You die...

######.# # #..##
.....c###. #..8.
........ #...⌠
##...## #..8.
#.#.....######...⌠
#...((W.......#8.
##..(..##.######.
##.....###.######.
#@.##### #........
#....#.# ########.
.....#..#.# #. ...
....#.. #. .
........# #.
####.....# ......?
..#..#. ... ....


You could see a phantom and a centaur.

Vanquished Creatures
  An ice beast (D:7)
  A necrophage (D:7)
  An ogre (D:4)
  2 scorpions
  3 howler monkeys
  A crimson imp (D:4)
  2 iguanas
  An orc priest (D:4)
  A hound (D:4)
  2 worker ants (D:4)
  2 adders
  A shadow imp (D:5)
  2 oozes
  An adder skeleton (D:4)
  A worm (D:3)
  2 leopard geckos
  6 orcs (D:4)
  A ball python (D:4)
  A giant cockroach (D:2)
  2 goblins
  4 hobgoblins
  A jackal (D:4)
  2 quokkas
  2 bats (D:3)
  5 frilled lizards
  A kobold (D:1)
  A quokka skeleton (D:4)
  2 rats
52 creatures vanquished.

Vanquished Creatures (others)
  An orc wizard (D:4)
  An orc (D:4)
  A giant cockroach (D:4)
  A frilled lizard (D:4)
4 creatures vanquished.

Grand Total: 56 creatures vanquished

Notes
Turn   | Place    | Note
-------+----------+-------------------------------------------
     0 | D:1      | COBRA the Barachi Fighter began the quest for the Orb.
     0 | D:1      | Reached XP level 1. HP: 18/18 MP: 1/1
   133 | D:2      | Reached skill level 3 in Axes
   133 | D:2      | Reached XP level 2. HP: 18/24 MP: 2/2
   188 | D:2      | Found a burning altar of Makhleb.
   310 | D:2      | Found an ornate altar of the Wu Jian Council.
   491 | D:3      | Reached XP level 3. HP: 11/29 MP: 3/3
   524 | D:3      | Reached skill level 4 in Axes
   874 | D:4      | Noticed an ogre
   882 | D:4      | Killed an ogre
   882 | D:4      | Reached skill level 5 in Axes
   882 | D:4      | Reached XP level 4. HP: 2/36 MP: 4/4
   882 | D:4      | Reached XP level 5. HP: 3/41 MP: 5/5
  1189 | D:5      | Entered Level 5 of the Dungeon
  1232 | D:4      | Reached skill level 6 in Axes
  1375 | D:4      | Found Amumneo's Antique Armour Shoppe.
  1509 | D:4      | Found an iron altar of Okawaru.
  1517 | D:4      | Became a worshipper of Warmaster Okawaru
  1544 | D:4      | Reached XP level 6. HP: 47/47 MP: 6/6
  1570 | D:4      | Reached skill level 7 in Axes
  1608 | D:4      | Reached * piety under Okawaru
  1634 | D:4      | Noticed N458's ghost (amateur FeSu)
  1635 | D:4      | Found a runed translucent door.
  1647 | D:4      | Reached skill level 8 in Axes
  1653 | D:4      | Reached XP level 7. HP: 43/52 MP: 7/7
  1669 | D:5      | Found Rirch's Gadget Emporium.
  1744 | D:5      | Found Jiujes's Antique Weapon Emporium.
  1799 | D:6      | Reached skill level 1 in Invocations
  2041 | D:6      | Found Cotass's Armour Emporium.
  2079 | D:6      | Shot with an arrow by a centaur

Levels and vault maps discovered:
D:1:      nicolae_arrival_washed_ashore, layout_loops_ring, minmay_cupped
D:2:      layout_basic, fedhas_altar_2, nicolae_overflow_hidden_temple,
          overflow_temple_1_default, minitemple, first_ration, serial_curves,
          eino_curves_01, eino_curves_02, chequers_serial_rivers_small_b
D:3:      layout_basic
D:4:      minmay_diamond_boxcup, layout_loops_ring, xom_confusion_cloud,
          okawaru_metal_pillars_1_2, hellmonk_ghost_happy_afterlife,
          serial_shops, shop
D:5:      layout_loops_corners, old_standard_altar, serial_shops, shop,
          shop_fountains, shop, nicolae_shop_statue_plus,
          nicolae_shop_waterfront
D:6:      layout_loops_ring, overflow_temple_1_default, serial_shops,
          nicolae_shop_temple_entry_statues_fountains, hangedman_decor_lopped,
          uniq_blork_the_orc
D:7:      layout_loops_corners, nicolae_qazlal_eye_of_the_storm, temple_hall,
          uniq_pikel

Skill      XL: |  1  2  3  4  5  6  7 |
---------------+----------------------+-----
Axes           | 3 5 6 8 |  8.3
Invocations    | 3 |  3.1
Fighting       | |  3.6
Armour         | |  3.6
Shields        | |  3.2

Action                   |  1- 3 |  4- 6 |  7- 9 || total
-------------------------+-------+-------+-------++-------
Melee: War axe           |    88 |   103 |    45 ||   236
Invok: Heroism           |       |       |     2 ||     2
 Abil: Hop               |       |     1 |     1 ||     2
  Use: Potion            |     3 |     2 |       ||     5
       Scroll            |       |     2 |     1 ||     3
  Eat: Chunk             |       |     3 |       ||     3
Armor: Scale mail        |    49 |    25 |    15 ||    89
       Skin              |       |    11 |       ||    11
Dodge: Dodged            |    36 |    19 |    12 ||    67
Block: Shield            |    54 |    47 |    18 ||   119

Table legend:
 A = Non-vault XP
 B = Vault XP
 C = Vault XP percentage of total XP
 D = Non-vault monster count
 E = Vault monster count
 F = Vault count percentage of total count
                 A         B        C        D         E       F
            +---------+---------+-------+---------+---------+-------
      Total |     870 |     169 |  16.3 |      46 |       6 |  11.5
            +---------+---------+-------+---------+---------+-------
        D:1 |       7 |       0 |   0.0 |       5 |       0 |   0.0
        D:2 |      12 |       0 |   0.0 |       6 |       0 |   0.0
        D:3 |      37 |       0 |   0.0 |      10 |       0 |   0.0
        D:4 |     384 |     169 |  30.6 |      18 |       6 |  25.0
        D:5 |     114 |       0 |   0.0 |       4 |       0 |   0.0
        D:6 |      62 |       0 |   0.0 |       1 |       0 |   0.0
        D:7 |     254 |       0 |   0.0 |       2 |       0 |   0.0
            +---------+---------+-------+---------+---------+-------
